 Dungeon Crawl Stone Soup version 0.27.0-66-gdc8fb28755 (webtiles) character file.

Game seed: 14556728964148718604

19 horus123 the Skirmisher (level 2, 0/24 HPs)
             Began as a Demonspawn Abyssal Knight on Aug 19, 2021.
             Was an Initiate of Lugonu.
             Succumbed to a scorpion's poison
             ... on level 2 of the Dungeon.
             The game lasted 00:01:22 (1152 turns).

horus123 the Skirmisher (Demonspawn Abyssal Knight) Turns: 1152, Time: 00:01:22

Health: 0/24       AC:  5    Str: 12    XL:     2   Next: 55%
Magic:  4/4        EV: 11    Int: 13    God:    Lugonu [......]
Gold:   21         SH:  0    Dex: 12    Spells: 1/1 levels left

rFire    . . .     SeeInvis .   a - +1 falchion
rCold    . . .     Faith    .   (no shield)
rNeg     . . .     Spirit   .   b - +0 leather armour
rPois    .         Reflect  .   (no helmet)
rElec    .         Harm     +   c - scarf {harm}
rCorr    .         Rampage  .   (no gloves)
Will     .....                  (no boots)
Stlth    +.........             (no amulet)
HPRegen  0.08/turn              (no ring)
MPRegen  0.09/turn              (no ring)

@: lethally poisoned (0 -> -8), slowed, very slow
A: icy blue scales 1
a: Renounce Religion


You were on level 2 of the Dungeon.
You worshipped Lugonu.
Lugonu was noncommittal.
You visited 1 branch of the dungeon, and saw 2 of its levels.
You visited the Abyss 1 time.

You collected 21 gold pieces.

Inventory:

Hand Weapons
 a - a +1 falchion (weapon)
Missiles
 e - 17 arrows
Armour
 b - a +0 leather armour (worn)
 c - a scarf of harm (worn)
Potions
 d - a potion of curing


   Skills:
 + Level 3.4 Fighting
 + Level 2.0 Long Blades
 + Level 1.8 Armour
 + Level 0.9 Dodging
 * Level 3.1 Invocations


You had one spell level left.
You didn't know any spells.
Your spell library was empty.

Dungeon Overview and Level Annotations

Branches:
Dungeon (2/15)

Altars:

Annotations:
D:2 Jessica


Innate Abilities, Weirdness & Mutations

You are partially covered in icy blue scales. (AC +2)


Message History

You hit Jessica but do no damage.
Jessica is severely wounded.
Jessica drinks a potion.
Jessica is healed!
The frilled lizard bites you but does no damage.
Jessica hits you but does no damage.
The frilled lizard bites you but does no damage.
You hit Jessica.
Jessica is moderately wounded.
Jessica barely misses you. The frilled lizard closely misses you.
Jessica hits you with a +0 club.
The frilled lizard bites you but does no damage.
The scorpion stings you but does no damage.
You hit Jessica but do no damage.
Jessica is moderately wounded.
The scorpion barely misses you.
You riposte.
You hit the scorpion but do no damage. Jessica hits you with a +0 club.
The frilled lizard barely misses you. The scorpion closely misses you.
Jessica hits you but does no damage.
You barely miss Jessica.
Jessica is moderately wounded.
The frilled lizard closely misses you.
The scorpion stings you but does no damage.
Jessica hits you with a +0 club. The frilled lizard bites you.
The scorpion stings you.
You are lethally poisoned!
The scorpion poisons you!
You completely miss Jessica.
Jessica is moderately wounded.
* * * LOW HITPOINT WARNING * * *
You feel very sick.
The scorpion stings you but does no damage.
Jessica hits you with a +0 club.
* * * LOW HITPOINT WARNING * * *
The frilled lizard bites you but does no damage.
The scorpion closely misses you.
You riposte.
You hit the scorpion but do no damage.
Jessica mumbles some strange words.
Jessica blinks!
The frilled lizard bites you but does no damage.
You die...

#. #$ #^
#. #.##
..#
##.######.
#.<.......
#@.#######
#..# #sl#
...g.
##...##
#.@.#
#....
#...#
#..##


You could see a scorpion, Jessica, a goblin and a frilled lizard.

Vanquished Creatures
  A gnoll (D:1)
  An endoplasm (D:1)
  A hobgoblin (D:1)
  2 jackals (D:1)
  A kobold (D:1)
  A quokka (D:1)
  A bat (D:1)
  A rat (D:1)
9 creatures vanquished.

Notes
Turn   | Place    | Note
-------+----------+-------------------------------------------
     0 | Abyss:1  | horus123 the Demonspawn Abyssal Knight began the quest for
                  | the Orb.
     0 | Abyss:1  | Reached XP level 1. HP: 18/18 MP: 2/2
     4 | Abyss:1  | Found a corrupted altar of Lugonu.
    67 | Abyss:1  | Noticed a starcursed mass
    68 | D:1      | Escaped the Abyss
   593 | D:1      | Gained mutation: You are partially covered in icy blue
                  | scales. (AC +2) [demonic ancestry]
   593 | D:1      | Reached XP level 2. HP: 24/24 MP: 4/4
  1141 | D:2      | Noticed Jessica
  1146 | D:2      | Noticed a scorpion
  1152 | D:2      | Succumbed to a scorpion's poison

Illustrated notes

Levels and vault maps discovered:
D:1:      saegor_arrival_simple_a, layout_loops_ring, kennysheep_another_room,
          grunt_decor_resistance
D:2:      layout_loops_ring, minmay_close_crescents, uniq_robin, uniq_natasha,
          uniq_jessica

Skill      XL: |  1  2 |
---------------+-------+-----
Invocations    | 3 |  3.1
Long Blades    | 2 |  2.0
Fighting       | |  3.4
Armour         | |  1.8
Dodging        | |  0.9

Action                   || total
-------------------------++-------
Melee: Falchion          ||    34
Invok: Depart the Abyss  ||     1
  Use: Scroll            ||     1
 Stab: Sleeping          ||     1
Armor: Leather armour    ||    20
Dodge: Dodged            ||    27
       Rpst.: Falchion   ||    10
